 Dungeon Crawl Stone Soup version bcrawl-1.20.1-3-gdcb1fc31ed (webtiles) character file.

Game seed: 10402951743181663522

25 Freyura the Sneak (level 3, 0/33 HPs)
             Began as a Naga Sloth Apostle on Jan 28, 2020.
             Was an Initiate of Cheibriados.
             Slain by a dart slug (2 damage)
             ... on level 2 of the Dungeon.
             The game lasted 00:02:06 (1030 turns).

Freyura the Sneak (Naga Sloth Apostle)              Turns: 1030, Time: 00:02:06

Health: 0/33       AC:  2    Str: 15    XL:     3   Next: 4%
Magic:  4/4        EV:  6    Int: 13    God:    Cheibriados [......]
Gold:   104        SH:  8    Dex: 12    Spells: 3/4 levels left

rFire    . . .     SeeInvis +   a - +0 mace
rCold    . . .     Gourm    .   c - +0 shield
rNeg     . . .     Faith    .   b - +0 robe
rPois    +         Spirit   .   (no helmet)
rElec    .         Reflect  .   (no cloak)
rCorr    .         Harm     .   (no gloves)
MR       .....                  (no barding)
Stlth    +++.......             (no amulet)
HPRegen  0.11/turn              (no ring)
MPRegen  0.09/turn              (no ring)

@: very slow
A: large, see invisible, deformed body, poison resistance, slowness 2, slow
metabolism 1, spit poison 1, AC +1
a: Spit Poison, Bend Time, Renounce Religion


You were on level 2 of the Dungeon.
You worshipped Cheibriados.
Cheibriados was noncommittal.
You were not hungry.

You visited 1 branch of the dungeon, and saw 2 of its levels.

You collected 104 gold pieces.

Inventory:

Hand Weapons
 a - a +0 mace (weapon)
Missiles
 h - a throwing net (quivered) {!f}
Armour
 b - a +0 robe (worn)
 c - a +0 shield (worn)
Jewellery
 f - an uncursed ring of see invisible {unknown}
Wands
 d - a wand of paralysis (10)
Scrolls
 g - a scroll of remove curse {unknown}
 j - a scroll of blinking {unknown}
 k - a scroll of identify {unknown}
Potions
 i - 3 potions of brilliance {unknown}
Comestibles
 e - 4 rations {!d}


   Skills:
 + Level 2.3 Fighting
 * Level 2.6 Maces & Flails
 + Level 0.6 Armour
 - Level 4.8 Stealth
 + Level 1.9 Shields
 - Level 1.0 Spellcasting
 - Level 1.0 Hexes
 - Level 1.0 Evocations


You had 3 spell levels left.
You knew the following spells:

 Your Spells              Type           Power        Failure   Level  Hunger
a - Slow                  Hex            #.......     65%         1    ##.....
Your spell library was empty.

Dungeon Overview and Level Annotations

Branches:
Dungeon (2/12)

Altars:


Innate Abilities, Weirdness & Mutations

You cannot wear boots.
Your serpentine skin is tough. (AC +1)
You have supernaturally acute eyesight. (SInv)
Armour fits poorly on your strangely shaped body.
Your system is resistant to poisons. (rPois)
You cover ground very slowly.
You have a slow metabolism.
You can spit poison.


Message History

You hit the kobold.
You kill the kobold!
Cheibriados thoroughly appreciates the change of pace.
The orc hits you but does no damage. You block the dart slug's attack.
You closely miss the orc. The orc hits you with a +0 club.
* * * LOW HITPOINT WARNING * * *
The orc hits you with a +0 club.
* * * LOW HITPOINT WARNING * * *
You barely miss the orc. The orc barely misses you.
You block the dart slug's attack.
You sock the orc!
You kill the orc!
Cheibriados thoroughly appreciates the change of pace.
You have reached level 3!
Your experience leads to an increase in your attributes!
Your base attributes are Str 14, Int 12, Dex 10.
Increase (S)trength, (I)ntelligence, or (D)exterity?
You feel agile.
Your skin feels tougher.
The dart slug bites you.
You die...

.#. ..### #.#..
#.#.#$## ##
#.#.... .#
...#.#...####..##
........w........
#.....))@.....#
#.#.#..#####..#
.#...#..#
..w......#
#.####...###.#
.............#
.#..##.###### #
.#.........#
#.###.##.##.###.#


You could see a dart slug.

Vanquished Creatures
  An ooze (D:1)
  A dart slug (D:1)
  A leopard gecko (D:2)
  An orc (D:2)
  A ball python (D:1)
  2 goblins (D:1)
  2 jackals (D:1)
  2 bats (D:1)
  A frilled lizard (D:1)
  4 kobolds
  A rat (D:1)
17 creatures vanquished.

Notes
Turn   | Place    | Note
-------+----------+-------------------------------------------
     0 | D:1      | Freyura the Naga Sloth Apostle began the quest for the Orb.
     0 | D:1      | Reached XP level 1. HP: 19/19 MP: 2/2
   131 | D:1      | Reached XP level 2. HP: 22/26 MP: 3/3
  1028 | D:2      | HP: 1/26 [orc/+0 club (2)]
  1030 | D:2      | Reached XP level 3. HP: 2/33 MP: 4/4
  1030 | D:2      | Slain by a dart slug

Action                   || total
-------------------------++-------
Melee: Mace              ||    43
 Stab: Sleeping          ||     3
Armor: Robe              ||     5
Dodge: Dodged            ||     9
Block: Shield            ||    19
